 Dungeon Crawl Stone Soup version 0.31-a0-229-g1fc7ce93e2 (webtiles) character file.

Game seed: 14139395411309177276

197 qw the Shooter (level 5, -13/45 HPs)
             Began as a Minotaur Hexslinger on July 6, 2023.
             Mangled by a hornet (14 damage)
             ... on level 4 of the Dungeon.
             The game lasted 00:00:57 (2438 turns).

qw the Shooter (Minotaur Hexslinger)                Turns: 2438, Time: 00:00:57

Health: -13/45     AC:  6    Str: 12    XL:     5   Next: 46%
Magic:  5/5        EV: 11    Int: 13    God:
Gold:   177        SH:  0    Dex: 15    Spells: 5/6 levels left

rFire   + . .        Y - +3 sling
rCold   . . .        (no shield)
rNeg    . . .        e - +0 ring mail
rPois   .            (helmet restricted)
rElec   .            (no cloak)
rCorr   .            a - +0 pair of gloves "Pydeat" {Drain rF+ Int+3}
SInv    .            (no boots)
Will    .....        (no amulet)
Stlth   +            (no ring)
HPRegen 0.27/turn    (no ring)
MPRegen 0.09/turn

%: no passive effects
@: lethally poisoned (-13 -> -15), about to teleport, slowed, very slow
A: horns 2, retaliatory headbutt
a: no special abilities


You were on level 4 of the Dungeon.
You visited 1 branch of the dungeon, and saw 4 of its levels.

You collected 177 gold pieces.


Innate Abilities, Weirdness & Mutations

You have a pair of horns on your head.
You reflexively headbutt those who attack you in melee.


   Skills:
 - Level 3.1 Fighting
 + Level 5.5 Ranged Weapons
 - Level 1.3 Armour
 - Level 2.1 Dodging
 - Level 1.0 Spellcasting
 - Level 2.0 Hexes


You had 5 spell levels left.
You knew the following spells:

 Your Spells              Type           Power      Damage    Failure   Level
a - Slow                  Hex            20%        N/A       26%         1

Your spell library contained the following spells:

 Spells                   Type           Power      Damage    Failure   Level
 Inner Flame              Hex/Fire       3%         N/A       77%         3
 Portal Projectile        Hex/Tloc       6%         N/A       77%         3
 Cause Fear               Hex            2%         N/A       95%         4

Inventory:

Hand Weapons
 Y - a +3 sling (weapon)
Armour
 a - the +0 pair of gloves "Pydeat" (worn) {Drain rF+ Int+3}
   (You acquired it on level 1 of the Dungeon)

   Int:       It affects your intelligence (+3).
   rF:        It protects you from fire.
   Drain:     It drains your maximum health when unequipped.
 e - a +0 ring mail (worn)
Potions
 d - 2 potions of curing
 g - a potion of degeneration {unknown}
 i - a potion of mutation {unknown}
 k - a potion of cancellation {unknown}
 l - a potion of invisibility {unknown}

Dungeon Overview and Level Annotations

Branches:
Dungeon (4/15)
 Temple: D:4-7

Altars:
Trog
Zin
The Shining One


Message History

You shoot a sling bullet. The sling bullet hits the endoplasm!
You kill the endoplasm!
You shoot a sling bullet. The sling bullet hits the hobgoblin.
The hobgoblin is almost dead.
You shoot a sling bullet. The sling bullet hits the hobgoblin.
You kill the hobgoblin!
You feel your willpower return.
A hornet comes into view.
You shoot a sling bullet. The sling bullet misses the hornet.
The hornet buzzes angrily.
You shoot a sling bullet.
The sling bullet barely misses the hornet.
You shoot a sling bullet.
The sling bullet barely misses the hornet.
You shoot a sling bullet.
The sling bullet hits the hornet but does no damage.
The hornet stings you!
You are poisoned.
You feel yourself slow down.
You shoot a sling bullet.
The sling bullet closely misses the hornet.
You feel very sick. The hornet barely misses you. The hornet stings you!
You feel as though you will be slow longer.
The hornet stings you.
You feel as though you will be slow longer.
A worm comes into view.
You shoot a sling bullet. The sling bullet hits the hornet.
The hornet is lightly wounded.
You feel very sick. The hornet barely misses you. The hornet stings you!
You feel as though you will be slow longer.
The hornet stings you but does no damage.
2438 ||| READING scroll of teleportation.
As you read the scroll of teleportation, it crumbles to dust.
You feel strangely unstable.
You feel sick.
The hornet stings you but does no damage.
The hornet stings you!
You die...

.~_.+.. . . #~~.+}###
.$.. #~~_~}.. .....
#.~~~.# ....#.#..#..#
..... ......#######.###
......##.#..##<........
......y@........###.##
....#.##.#..###.# . ..
#.#..# #.# ... #.#..#
#.# ..w #.#..# #.# ..
#.#..# #.# . ...... ...
#.##.# #.# .....# #..


You could see a hornet and a worm.

Vanquished Creatures
  A jelly (D:3)
  11 adders
  A worm (D:2)
  3 orcs (D:3)
  6 bats
  5 endoplasms
  3 giant cockroaches
  2 goblins
  5 hobgoblins
  7 jackals
  2 kobolds
  2 quokkas
  9 ball pythons
  3 frilled lizards
  4 rats
64 creatures vanquished.

Notes
Turn   | Place    | Note
-------+----------+-------------------------------------------
     0 | D:1      | qw the Minotaur Hexslinger began the quest for the Orb.
     0 | D:1      | Reached XP level 1. HP: 16/16 MP: 1/1
     0 | D:1      | 0 ||| qw: Version: 0.3-a-46-gb1f654a
     0 | D:1      | 0 ||| qw: Game counter: 1551
     0 | D:1      | 0 ||| qw: Melee chars always use a shield: true
     0 | D:1      | 0 ||| qw: God list: Okawaru
     0 | D:1      | 0 ||| qw: Allow faded altars: false
     0 | D:1      | 0 ||| qw: Do Orc after clearing Dungeon:15 true
     0 | D:1      | 0 ||| qw: Do second Lair branch before Depths: true
     0 | D:1      | 0 ||| qw: Lair rune preference: random
     0 | D:1      | 0 ||| qw: Goals: Normal
     0 | D:1      | 0 ||| PLANNING D:1-11
    74 | D:1      | Reached skill level 3 in Ranged Weapons
   108 | D:1      | Reached XP level 2. HP: 23/23 MP: 2/2
   942 | D:1      | 942 ||| READING scroll labelled GEJOTR ANIM.
  1043 | D:1      | 1043 ||| READING scroll labelled TEMUOMM WOSTIA.
  1043 | D:1      | Identified a scroll of acquirement
  1043 | D:1      | 1043 ||| ACQUIRING +0 pair of gloves "Pydeat" {Drain rF+
                  | Int+3}
  1043 | D:1      | Acquired the +0 pair of gloves "Pydeat" {Drain rF+ Int+3}
  1045 | D:1      | 1045 ||| UPGRADING to +0 pair of gloves "Pydeat" {Drain rF+
                  | Int+3}.
  1050 | D:1      | 1050 ||| DROPPING scroll of poison.
  1085 | D:2      | Reached XP level 3. HP: 28/29 MP: 3/3
  1211 | D:2      | Found a bloodstained altar of Trog.
  1400 | D:2      | Reached skill level 4 in Ranged Weapons
  1501 | D:2      | 1501 ||| UPGRADING to +0 ring mail.
  1511 | D:2      | 1511 ||| DROPPING +0 robe.
  1512 | D:2      | 1512 ||| READING scroll labelled WEANGESERI.
  1513 | D:2      | 1513 ||| DRINKING 2 amethyst potions.
  1514 | D:2      | 1514 ||| DRINKING 2 glowing coppery potions.
  1515 | D:2      | 1515 ||| DRINKING 2 clear potions.
  1516 | D:2      | 1516 ||| DROPPING potion of attraction.
  1517 | D:2      | 1517 ||| DROPPING potion of brilliance.
  1542 | D:3      | Found a faded altar of an unknown god.
  1754 | D:3      | Identified the +8 short sword of the Conjuring Priest
                  | {heavy, rPois rCorr Int-2 Dex+8}
  1828 | D:3      | Reached skill level 1 in Armour
  1828 | D:3      | Reached XP level 4. HP: 36/36 MP: 4/4
  2039 | D:3      | Reached skill level 5 in Ranged Weapons
  2103 | D:3      | Reached XP level 5. HP: 43/44 MP: 5/5
  2118 | D:3      | Reached skill level 3 in Fighting
  2389 | D:3      | 2389 ||| DROPPING scarf of shadows.
  2390 | D:3      | 2390 ||| READING 2 scrolls labelled HAMYSHR FUOGY.
  2391 | D:3      | 2391 ||| READING 2 scrolls labelled ORUYVI YNGIC.
  2392 | D:3      | 2392 ||| READING scroll of enchant weapon.
  2392 | D:3      | 2392 ||| ENCHANTING +2 sling.
  2393 | D:3      | 2393 ||| READING 2 scrolls labelled CIMNYKK PEKEPEM.
  2397 | D:3      | 2397 ||| READING 2 scrolls labelled PIRORU ZEADD.
  2398 | D:3      | 2398 ||| READING scroll labelled MIOCLUST WERU.
  2399 | D:3      | 2399 ||| DROPPING scroll of immolation.
  2400 | D:3      | 2400 ||| DROPPING scroll of vulnerability.
  2410 | D:4      | 2410 ||| PLANNING SEWER
  2417 | D:4      | Found a glowing silver altar of Zin.
  2417 | D:4      | Found a glowing golden altar of the Shining One.
  2431 | D:4      | Noticed a hornet
  2437 | D:4      | HP: 9/45 [poisoned by a hornet]
  2437 | D:4      | HP: 1/45 [hornet (8)]
  2438 | D:4      | 2438 ||| READING scroll of teleportation.
  2438 | D:4      | Mangled by a hornet

Levels and vault maps discovered:
D:1:      evilmike_arrival_hilbert_curve, layout_basic, minmay_tetromino_s4
D:2:      layout_rooms, basic_altar, kennysheep_generic_room_2
D:3:      layout_loops_cross, ebering_ecumenical_altar_petrified,
          minmay_snake_closets
D:4:      layout_basic, good_gods_mini_temple, lemuel_zombie_altar_yredelemnul,
          mainiacjoe_overflow_alcove_1, temple_green,
          cheibrodos_sewer_entry_bend, uniq_robin, uniq_edmund

Skill      XL: |  1  2  3  4  5 |
---------------+----------------+-----
Ranged Weapons | 3 4 5 |  5.5
Fighting       | 2 3 |  3.1
Armour         | 1 |  1.3
Dodging        | |  2.1
Spellcasting   | |  1.0
Hexes          | |  2.0

Action                     |  1- 3 |  4- 6 || total
---------------------------+-------+-------++-------
   Fire: Sling             |   136 |    74 ||   210
    Use: Scroll            |     3 |     7 ||    10
         Potion            |     3 |       ||     3
 Armour: Robe              |     6 |       ||     6
         Ring mail         |     4 |    26 ||    30
  Dodge: Dodged            |    38 |    30 ||    68

Table legend:
 A = Non-vault XP
 B = Vault XP
 C = Vault XP percentage of total XP
 D = Non-vault monster count
 E = Vault monster count
 F = Vault count percentage of total count
                 A         B        C        D         E       F
            +---------+---------+-------+---------+---------+-------
      Total |     170 |     112 |  39.7 |      50 |      14 |  21.9
            +---------+---------+-------+---------+---------+-------
        D:1 |      31 |       3 |   8.8 |      18 |       2 |  10.0
        D:2 |      40 |      13 |  24.5 |      14 |       1 |   6.7
        D:3 |      80 |      96 |  54.5 |      14 |      11 |  44.0
        D:4 |      19 |       0 |   0.0 |       4 |       0 |   0.0
            +---------+---------+-------+---------+---------+-------
